Monarchs vs Senators
(R1)
Created - April 6, 2019 at 20:45
Goals
|
| Monarchs |
1 |
3 |
0 |
4 |
| Senators |
0 |
1 |
1 |
2 |
|
Shots
|
| Monarchs |
10 |
15 |
4 |
29 |
| Senators |
7 |
12 |
10 |
29 |
|
1st period
1. Monarchs , Craig Smith 41 (Max Domi 28) at 12:49 (PP)
Penalties :
Jujhar Khaira (MAN) for Hooking (Minor) at 2:02, Brandon Pirri (MAN) for Holding (Minor) at 4:44, Gabriel Bourque (BIN) for Hooking (Minor) at 4:50, Gabriel Bourque (BIN) for Cross-checking (Minor) at 9:20, Tommy Wingels (BIN) for Hooking (Minor) at 12:39, Tommy Wingels (BIN) for Hooking (Minor) at 13:42
2nd period
2. Senators , Gabriel Bourque 50 (Olli Maatta 24) at 2:28
3. Monarchs , Eric Fehr 25 (Taylor Beck 40) at 3:28
4. Monarchs , Brandon Pirri 21 (Bo Horvat 27, Joe Morrow 8) at 7:14
5. Monarchs , Tom Wilson 16 (Bo Horvat 28) at 16:25
Penalties :
Stephane Da Costa (BIN) for Hooking (Minor) at 3:41, Mike Reilly (MAN) for Tripping (Minor) at 3:52, Zac Leslie (MAN) for Slashing (Minor) at 13:06
3rd period
6. Senators , Andy Andreoff 14 (Chandler Stephenson 3) at 16:42
Penalties :
Tommy Wingels (BIN) for Hooking (Minor) at 0:38, Max Domi (MAN) for Hooking (Minor) at 11:09, Mason Geertsen (BIN) for Slashing (Minor) at 13:55
Goalie Stats
Ilya Bryzgalov (MAN), 27 saves from 29 shots - (0.931), W, 9-4-0, 60:00 minutes
Ben Bishop (BIN), 25 saves from 29 shots - (0.862), L, 8-19-0, 60:00 minutes
Players Stats for Monarchs
Player Name G A P +/- PIM S H SB GA TA FO MP PP MP PK MP
------------------------------------------------------------------------------------
Bo Horvat 0 2 2 0 0 3 1 1 0 1 7/17 16:25 4:25 0:00
Brandon Pirri 1 0 1 0 2 4 1 0 0 0 1/1 12:15 0:23 0:00
Craig Smith 1 0 1 -1 0 1 1 1 1 5 1/6 20:11 4:26 2:01
Daultan Leveillé 0 0 0 -1 0 4 3 1 0 1 13/26 21:42 3:40 3:36
Eric Fehr 1 0 1 1 0 3 1 1 0 0 0/1 8:40 0:00 0:09
Frederik Gauthier 0 0 0 1 0 1 1 0 0 0 3/5 12:13 0:45 3:36
Joe Morrow 0 1 1 0 0 0 0 0 0 0 0/0 3:27 0:00 0:00
Josh Manson 0 0 0 0 0 0 0 0 0 0 0/0 16:29 0:06 2:33
Jujhar Khaira 0 0 0 1 2 0 0 0 1 0 0/0 14:59 3:34 0:59
Max Domi 0 1 1 -1 2 5 1 0 0 0 0/1 17:38 4:09 0:00
Mike Reilly 0 0 0 1 2 1 1 0 0 0 0/0 15:46 5:01 0:00
Nathan Paetsch 0 0 0 0 0 3 4 1 0 0 0/0 24:54 3:15 3:41
Ryan White 0 0 0 1 0 0 0 1 0 0 3/5 10:56 0:00 0:49
Taylor Beck 0 1 1 0 0 2 4 0 0 0 0/0 17:04 3:18 1:18
Tom Wilson 1 0 1 1 0 2 0 0 1 0 0/0 14:21 3:34 0:00
Valentin Zykov 0 0 0 1 0 0 1 0 0 0 0/0 7:04 0:10 0:00
Will Butcher 0 0 0 0 0 0 1 0 0 2 0/0 24:05 5:02 1:37
Zac Leslie 0 0 0 1 2 0 1 1 0 0 0/0 15:32 0:00 1:45
Zach Redmond 0 0 0 0 0 0 2 2 0 0 0/0 16:19 0:06 2:52
Players Stats for Senators
Player Name G A P +/- PIM S H SB GA TA FO MP PP MP PK MP
------------------------------------------------------------------------------------
Andy Andreoff 1 0 1 1 0 2 3 1 0 0 0/0 10:46 0:00 1:38
Blake Coleman 0 0 0 0 0 0 0 0 0 0 1/1 3:47 0:10 2:25
Brett Bulmer 0 0 0 0 0 0 0 0 0 0 0/0 1:24 0:10 0:00
Chandler Stephenson 0 1 1 1 0 2 0 0 1 0 4/4 6:42 0:00 0:19
Gabriel Bourque 1 0 1 1 4 5 2 3 1 0 3/8 20:17 3:23 3:16
Grant Besse 0 0 0 1 0 0 0 0 0 0 1/1 6:26 0:00 0:00
Johannes Salmonsson 0 0 0 0 0 2 1 1 0 0 0/0 13:24 0:00 2:06
Keegan Lowe 0 0 0 0 0 0 4 1 0 2 0/0 22:39 2:25 4:00
Mason Geertsen 0 0 0 0 2 0 1 0 0 0 0/0 10:04 0:00 0:00
Matt Frattin 0 0 0 1 0 2 0 0 0 0 1/2 15:29 3:24 0:00
Nick Foligno 0 0 0 -3 0 1 2 0 1 0 0/1 17:03 2:40 2:06
Olli Maatta 0 1 1 1 0 1 1 0 0 0 0/0 31:39 3:49 4:23
Phil Di Giuseppe 0 0 0 0 0 0 0 0 1 0 1/1 2:03 0:00 0:00
Samuel Morin 0 0 0 -2 0 2 1 3 0 0 0/0 27:59 3:49 4:23
Scott Harrington 0 0 0 -1 0 1 0 0 0 0 0/0 25:43 2:25 4:00
Sebastian Wannstrom 0 0 0 0 0 0 1 0 0 0 0/1 10:24 0:00 0:00
Stephane Da Costa 0 0 0 1 2 3 2 0 2 0 16/29 21:17 3:34 4:19
Tomas Jurco 0 0 0 -3 0 2 2 0 0 0 0/1 14:03 2:40 0:00
Tommy Wingels 0 0 0 -3 6 3 3 0 2 0 3/6 14:32 2:40 0:00
Zemgus Girgensons 0 0 0 0 0 3 0 1 1 1 4/7 12:08 0:00 0:37
3 Stars
1 - Eric Fehr (MAN)
2 - Andy Andreoff (BIN)
3 - Tom Wilson (MAN)
Power Play
Monarchs - 1 on 7 Attempt(s) - 14.29%
Senators - 0 on 5 Attempt(s) - 0.00%
Penalty Kill
Monarchs - 5 on 5 Attempt(s) - 100.00%
- Score 0 goal in Penalty Kill
Senators - 6 on 7 Attempt(s) - 85.71%
- Score 0 goal in Penalty Kill
Team Stat
Monarchs - Hits : 23 - Faceoff Wins : 28 - Blocked Shots : 9 - Penalty Minutes : 10
Senators - Hits : 23 - Faceoff Wins : 34 - Blocked Shots : 10 - Penalty Minutes : 14
Official
Referees : Unknown
Linesman : Unknown
Game Notes
No Game Note
Finance
Level 1 -- Attendance: 1415 (70.75%) -- Ticket Income $46,695
Level 2 -- Attendance: 666 (66.60%) -- Ticket Income $9,990
Total Attendance: 2081 (69.37%)
Total Ticket Income: $56,685
Other Income: $2,834
Total Income: $59,519
Monarchs
5 vs 5 Forward
Center Left Wing Right Wing Time % Phy DF OF
1 Daultan Leveillé Max Domi Craig Smith 35 0 2 3
2 Bo Horvat Taylor Beck Brandon Pirri 30 0 2 3
3 Ryan White Jujhar Khaira Tom Wilson 25 2 1 2
4 Frederik Gauthier Valentin Zykov Eric Fehr 10 0 3 2
5 vs 5 Defense
Defense Defense Time % Phy DF OF
1 Nathan Paetsch Will Butcher 35 0 3 2
2 Josh Manson Zach Redmond 30 2 3 0
3 Zac Leslie Mike Reilly 25 1 3 1
4 Joe Morrow Zac Leslie 10 1 3 1
PowerPlay Forward
Center Left Wing Right Wing Time % Phy DF OF
1 Bo Horvat Max Domi Craig Smith 60 0 1 4
2 Daultan Leveillé Jujhar Khaira Tom Wilson 40 2 0 3
PowerPlay Defense
Defense Defense Time % Phy DF OF
1 Mike Reilly Will Butcher 60 0 2 3
2 Taylor Beck Nathan Paetsch 40 0 2 3
Penalty Kill 4 Players Forward
Center Wing Time % Phy DF OF
1 Daultan Leveillé Frederik Gauthier 60 1 3 1
2 Craig Smith Jujhar Khaira 40 1 3 1
Penalty Kill 4 Players Defense
Defense Defense Time % Phy DF OF
1 Zach Redmond Nathan Paetsch 60 1 4 0
2 Zac Leslie Josh Manson 40 1 4 0
Penalty Kill - 3 Players Forward
Forward Time % Phy DF OF
1 Daultan Leveillé 60 1 4 0
2 Craig Smith 40 1 4 0
Penalty Kill - 3 Players Defense
Defense Defense Time % Phy DF OF
1 Nathan Paetsch Zach Redmond 60 0 5 0
2 Zac Leslie Josh Manson 40 0 5 0
4 vs 4 Forward
Center Wing Time % Phy DF OF
1 Craig Smith Eric Fehr 60 1 2 2
2 Daultan Leveillé Max Domi 40 1 2 2
4 vs 4 Defense
Defense Defense Time % Phy DF OF
1 Nathan Paetsch Will Butcher 60 1 2 2
2 Zach Redmond Josh Manson 40 1 2 2
Last Minutes Offensive
Center Left Wing Right Wing Defense Defense
Daultan Leveillé Max Domi Craig Smith Will Butcher Mike Reilly
Last Minutes Defensive
Center Left Wing Right Wing Defense Defense
Daultan Leveillé Jujhar Khaira Craig Smith Zach Redmond Nathan Paetsch
Goaltenders
Starting : Ilya Bryzgalov
Backup : Antti Raanta
Extra Forwards
Normal : Bo Horvat, Max Domi, Tom Wilson - PP : Frederik Gauthier, Daultan Leveillé - PK : Ryan White
Extra Defensemen
Normal : Will Butcher, Josh Manson, Zach Redmond - PP : Mike Reilly - PK : Josh Manson, Will Butcher
Penalty Shots
Brandon Pirri, Craig Smith, Eric Fehr, Taylor Beck, Bo Horvat
Scratches
Joel Armia (Back Spasms Injury), Colin Smith (Healthy), Mike Hoffman (Healthy), Connor Clifton (Healthy), Robert Hagg (Left Leg Injury)
Anthony Peluso (Healthy), Tyler Beskorowany (Healthy)
Senators
5 vs 5 Forward
Center Left Wing Right Wing Time % Phy DF OF
1 Stephane Da Costa Gabriel Bourque Matt Frattin 40 1 2 2
2 Tommy Wingels Nick Foligno Tomas Jurco 30 1 2 2
3 Zemgus Girgensons Johannes Salmonsson Sebastian Wannstrom 20 1 2 2
4 Chandler Stephenson Andy Andreoff Grant Besse 10 1 2 2
5 vs 5 Defense
Defense Defense Time % Phy DF OF
1 Olli Maatta Samuel Morin 40 1 2 2
2 Scott Harrington Keegan Lowe 30 1 2 2
3 Mason Geertsen Olli Maatta 20 1 2 2
4 Samuel Morin Scott Harrington 10 1 2 2
PowerPlay Forward
Center Left Wing Right Wing Time % Phy DF OF
1 Stephane Da Costa Gabriel Bourque Matt Frattin 60 1 2 2
2 Tommy Wingels Nick Foligno Tomas Jurco 40 1 2 2
PowerPlay Defense
Defense Defense Time % Phy DF OF
1 Olli Maatta Samuel Morin 60 1 2 2
2 Scott Harrington Keegan Lowe 40 1 2 2
Penalty Kill 4 Players Forward
Center Wing Time % Phy DF OF
1 Gabriel Bourque Stephane Da Costa 60 1 2 2
2 Nick Foligno Johannes Salmonsson 40 1 2 2
Penalty Kill 4 Players Defense
Defense Defense Time % Phy DF OF
1 Olli Maatta Samuel Morin 60 1 2 2
2 Scott Harrington Keegan Lowe 40 1 2 2
Penalty Kill - 3 Players Forward
Forward Time % Phy DF OF
1 Gabriel Bourque 60 1 2 2
2 Stephane Da Costa 40 1 2 2
Penalty Kill - 3 Players Defense
Defense Defense Time % Phy DF OF
1 Olli Maatta Samuel Morin 60 1 2 2
2 Scott Harrington Keegan Lowe 40 1 2 2
4 vs 4 Forward
Center Wing Time % Phy DF OF
1 Gabriel Bourque Stephane Da Costa 60 1 2 2
2 Nick Foligno Johannes Salmonsson 40 1 2 2
4 vs 4 Defense
Defense Defense Time % Phy DF OF
1 Olli Maatta Samuel Morin 60 1 2 2
2 Scott Harrington Keegan Lowe 40 1 2 2
Last Minutes Offensive
Center Left Wing Right Wing Defense Defense
Stephane Da Costa Gabriel Bourque Matt Frattin Olli Maatta Samuel Morin
Last Minutes Defensive
Center Left Wing Right Wing Defense Defense
Stephane Da Costa Gabriel Bourque Matt Frattin Olli Maatta Samuel Morin
Goaltenders
Starting : Ben Bishop
Backup : Brad Thiessen
Extra Forwards
Normal : Phil Di Giuseppe, Brett Bulmer, Blake Coleman - PP : Phil Di Giuseppe, Brett Bulmer - PK : Blake Coleman
Extra Defensemen
Normal : Mason Geertsen, Keegan Lowe, Olli Maatta - PP : Mason Geertsen - PK : Keegan Lowe, Olli Maatta
Penalty Shots
Gabriel Bourque, Stephane Da Costa, Nick Foligno, Johannes Salmonsson, Matt Frattin
Scratches
Marc-André Bernier (Healthy), Dylan Blujus (Healthy), Arturs Kulda (Left Foot Injury)
% Time on Ice - Monarchs
Lines # - Real PCT - Wanted PCT - Time Play
Normal Forward
1 - 32% - 35% - 13:17
2 - 28% - 30% - 11:46
3 - 24% - 25% - 9:59
4 - 16% - 10% - 6:40
Normal Defense
1 - 37% - 35% - 15:21
2 - 32% - 30% - 13:12
3 - 23% - 25% - 9:42
4 - 8% - 10% - 3:27
PP Forward
1 - 56% - 60% - 4:43
2 - 44% - 40% - 3:40
PP Defense
1 - 60% - 60% - 5:02
2 - 40% - 40% - 3:21
PK Forward
1 - 70% - 60% - 4:22
2 - 30% - 40% - 1:52
PK Defense
1 - 59% - 60% - 3:41
2 - 41% - 40% - 2:33
PK3 Forward
1 - 0% - 60%
2 - 0% - 40%
PK3 Defense
1 - 0% - 60%
2 - 0% - 40%
44 Forward
1 - 67% - 60% - 2:28
2 - 33% - 40% - 1:13
44 Defense
1 - 59% - 60% - 2:10
2 - 41% - 40% - 1:31
Last Minute Offensive - 0:00
Last Minute Defensive - 0:00
Total
Forward - 60:00
Defense - 60:00
|
% Time on Ice - Senators
Lines # - Real PCT - Wanted PCT - Time Play
Normal Forward
1 - 32% - 40% - 13:17
2 - 28% - 30% - 11:38
3 - 25% - 20% - 10:24
4 - 15% - 10% - 6:23
Normal Defense
1 - 36% - 40% - 15:03
2 - 35% - 30% - 14:45
3 - 21% - 20% - 8:38
4 - 8% - 10% - 3:16
PP Forward
1 - 57% - 60% - 3:34
2 - 43% - 40% - 2:40
PP Defense
1 - 61% - 60% - 3:49
2 - 39% - 40% - 2:25
PK Forward
1 - 75% - 60% - 6:17
2 - 25% - 40% - 2:06
PK Defense
1 - 52% - 60% - 4:23
2 - 48% - 40% - 4:00
PK3 Forward
1 - 0% - 60%
2 - 0% - 40%
PK3 Defense
1 - 0% - 60%
2 - 0% - 40%
44 Forward
1 - 82% - 60% - 3:02
2 - 18% - 40% - 0:39
44 Defense
1 - 60% - 60% - 2:12
2 - 40% - 40% - 1:29
Last Minute Offensive - 0:00
Last Minute Defensive - 0:00
Total
Forward - 60:00
Defense - 60:00
|
Play-by-Play
1st period
0:01 of 1st period - Stephane Da Costa wins face-off versus Daultan Leveillé in neutral zone.
0:16 of 1st period - Snap shot by Gabriel Bourque.
0:16 of 1st period - Stopped by Ilya Bryzgalov with a rebound.
0:34 of 1st period - Wrist shot by Tommy Wingels.
0:34 of 1st period - Stopped by Ilya Bryzgalov without a rebound.
0:35 of 1st period - Ryan White wins face-off versus Zemgus Girgensons in Monarchs zone.
0:43 of 1st period - Off-side.
0:44 of 1st period - Ryan White wins face-off versus Zemgus Girgensons in neutral zone.
0:52 of 1st period - Snap shot by Tom Wilson.
0:52 of 1st period - Shot Blocked by Zemgus Girgensons.
0:54 of 1st period - Slapshot by Josh Manson.
0:54 of 1st period - Shot Misses the Net.
1:06 of 1st period - Wrist shot by Zemgus Girgensons.
1:06 of 1st period - Shot Misses the Net.
1:20 of 1st period - Wrist shot by Johannes Salmonsson.
1:20 of 1st period - Stopped by Ilya Bryzgalov with a rebound.
2:02 of 1st period - Minor Penalty to Jujhar Khaira for Hooking.
2:03 of 1st period - Frederik Gauthier wins face-off versus Stephane Da Costa in Monarchs zone.
2:55 of 1st period - Icing by Olli Maatta.
2:56 of 1st period - Daultan Leveillé wins face-off versus Stephane Da Costa in Senators zone.
3:36 of 1st period - Slapshot by Nick Foligno.
3:36 of 1st period - Shot Blocked by Zach Redmond.
3:44 of 1st period - Wrist shot by Tommy Wingels.
3:44 of 1st period - Shot Misses the Net.
3:46 of 1st period - Wrist shot by Tomas Jurco.
3:46 of 1st period - Shot Misses the Net.
3:48 of 1st period - Slapshot by Olli Maatta.
3:48 of 1st period - Shot Misses the Net.
3:50 of 1st period - Snap shot by Tomas Jurco.
3:50 of 1st period - Stopped by Ilya Bryzgalov with a rebound.
3:52 of 1st period - Slapshot by Samuel Morin.
3:52 of 1st period - Stopped by Ilya Bryzgalov without a rebound.
3:53 of 1st period - Stephane Da Costa wins face-off versus Daultan Leveillé in Monarchs zone.
4:02 of 1st period - Penalty to Jujhar Khaira is over, Jujhar Khaira is back on ice.
4:10 of 1st period - Snap shot by Daultan Leveillé.
4:10 of 1st period - Shot Misses the Net.
4:22 of 1st period - Slapshot by Daultan Leveillé.
4:22 of 1st period - Deflect By Jujhar Khaira.
4:22 of 1st period - Shot Misses the Net.
4:22 of 1st period - Puck is out of play.
4:23 of 1st period - Chandler Stephenson wins face-off versus Bo Horvat in Senators zone.
4:23 of 1st period - Chandler Stephenson is hit by Bo Horvat.
4:29 of 1st period - Nathan Paetsch is hit by Andy Andreoff and loses puck.
4:44 of 1st period - Minor Penalty to Brandon Pirri for Holding.
4:45 of 1st period - Frederik Gauthier wins face-off versus Stephane Da Costa in Monarchs zone.
4:45 of 1st period - Frederik Gauthier is hit by Olli Maatta.
4:50 of 1st period - Minor Penalty to Gabriel Bourque for Hooking.
4:51 of 1st period - Phil Di Giuseppe wins face-off versus Craig Smith in Senators zone.
4:51 of 1st period - Phil Di Giuseppe is hit by Nathan Paetsch.
5:00 of 1st period - Snap shot by Eric Fehr.
5:00 of 1st period - Shot Misses the Net.
5:39 of 1st period - Snap shot by Max Domi.
5:39 of 1st period - Stopped by Ben Bishop with a rebound.
6:41 of 1st period - Olli Maatta is hit by Zach Redmond and loses puck.
6:44 of 1st period - Penalty to Brandon Pirri is over, Brandon Pirri is back on ice.
6:50 of 1st period - Penalty to Gabriel Bourque is over, Gabriel Bourque is back on ice.
6:50 of 1st period - Wrist shot by Max Domi.
6:50 of 1st period - Shot Blocked by Gabriel Bourque.
6:57 of 1st period - Slapshot by Daultan Leveillé.
6:57 of 1st period - Stopped by Ben Bishop with a rebound.
6:59 of 1st period - Slapshot by Zach Redmond.
6:59 of 1st period - Shot Misses the Net.
7:01 of 1st period - Snap shot by Daultan Leveillé.
7:01 of 1st period - Stopped by Ben Bishop without a rebound.
7:02 of 1st period - Stephane Da Costa wins face-off versus Bo Horvat in Senators zone.
7:02 of 1st period - Stephane Da Costa is hit by Taylor Beck.
7:54 of 1st period - Slapshot by Eric Fehr.
7:54 of 1st period - Stopped by Ben Bishop with a rebound.
7:56 of 1st period - Slapshot by Zac Leslie.
7:56 of 1st period - Shot Blocked by Andy Andreoff.
8:08 of 1st period - Wrist shot by Daultan Leveillé.
8:08 of 1st period - Shot Blocked by Johannes Salmonsson.
8:27 of 1st period - Johannes Salmonsson is hit by Brandon Pirri and loses puck.
8:43 of 1st period - Brandon Pirri is hit by Johannes Salmonsson and loses puck.
9:10 of 1st period - Johannes Salmonsson is hit by Taylor Beck and loses puck.
9:15 of 1st period - Snap shot by Bo Horvat.
9:15 of 1st period - Shot Misses the Net.
9:17 of 1st period - Slapshot by Zac Leslie.
9:17 of 1st period - Deflect By Bo Horvat.
9:17 of 1st period - Stopped by Ben Bishop without a rebound.
9:18 of 1st period - Stephane Da Costa wins face-off versus Daultan Leveillé in Senators zone.
9:20 of 1st period - Minor Penalty to Gabriel Bourque for Cross-checking.
9:21 of 1st period - Blake Coleman wins face-off versus Daultan Leveillé in Senators zone.
10:17 of 1st period - Slapshot by Olli Maatta.
10:17 of 1st period - Stopped by Ilya Bryzgalov without a rebound.
10:18 of 1st period - Chandler Stephenson wins face-off versus Bo Horvat in Monarchs zone.
10:52 of 1st period - Slapshot by Nathan Paetsch.
10:52 of 1st period - Stopped by Ben Bishop with a rebound.
11:20 of 1st period - Penalty to Gabriel Bourque is over, Gabriel Bourque is back on ice.
12:14 of 1st period - Snap shot by Nick Foligno.
12:14 of 1st period - Deflect By Grant Besse.
12:14 of 1st period - Shot Misses the Net.
12:14 of 1st period - Puck is out of play.
12:15 of 1st period - Chandler Stephenson wins face-off versus Frederik Gauthier in Monarchs zone.
12:20 of 1st period - Wrist shot by Andy Andreoff.
12:20 of 1st period - Shot Blocked by Eric Fehr.
12:39 of 1st period - Minor Penalty to Tommy Wingels for Hooking.
12:40 of 1st period - Gabriel Bourque wins face-off versus Bo Horvat in Senators zone.
12:49 of 1st period - Snap shot by Craig Smith.
12:49 of 1st period - Goal by Craig Smith - Monarchs : 1 - Senators : 0.
12:50 of 1st period - Daultan Leveillé wins face-off versus Stephane Da Costa in neutral zone.
13:21 of 1st period - Off-side.
13:22 of 1st period - Tommy Wingels wins face-off versus Bo Horvat in neutral zone.
13:42 of 1st period - Minor Penalty to Tommy Wingels for Hooking.
13:43 of 1st period - Bo Horvat wins face-off versus Gabriel Bourque in Senators zone.
13:49 of 1st period - Wrist shot by Max Domi.
13:49 of 1st period - Shot Misses the Net.
14:59 of 1st period - Keegan Lowe is hit by Max Domi and loses puck.
15:42 of 1st period - Penalty to Tommy Wingels is over, Tommy Wingels is back on ice.
16:47 of 1st period - Icing by Jujhar Khaira.
16:48 of 1st period - Zemgus Girgensons wins face-off versus Frederik Gauthier in Monarchs zone.
16:51 of 1st period - Snap shot by Zemgus Girgensons.
16:51 of 1st period - Stopped by Ilya Bryzgalov without a rebound.
16:52 of 1st period - Frederik Gauthier wins face-off versus Sebastian Wannstrom in Monarchs zone.
16:57 of 1st period - Johannes Salmonsson is hit by Frederik Gauthier and loses puck.
17:41 of 1st period - Daultan Leveillé is hit by Gabriel Bourque.
18:45 of 1st period - Snap shot by Brandon Pirri.
18:45 of 1st period - Stopped by Ben Bishop with a rebound.
18:47 of 1st period - Wrist shot by Bo Horvat.
18:47 of 1st period - Stopped by Ben Bishop without a rebound.
18:48 of 1st period - Brandon Pirri wins face-off versus Gabriel Bourque in Senators zone.
18:49 of 1st period - Snap shot by Taylor Beck.
18:49 of 1st period - Stopped by Ben Bishop with a rebound.
19:01 of 1st period - Snap shot by Gabriel Bourque.
19:01 of 1st period - Shot Misses the Net.
19:40 of 1st period - Icing by Nathan Paetsch.
19:41 of 1st period - Bo Horvat wins face-off versus Tommy Wingels in Monarchs zone.
19:47 of 1st period - Off-side.
19:48 of 1st period - Stephane Da Costa wins face-off versus Daultan Leveillé in neutral zone.
19:55 of 1st period - Wrist shot by Stephane Da Costa.
19:55 of 1st period - Shot Misses the Net.
Goals for this period are 1 for Monarchs vs 0 for Senators.
Shots for this period are 10 for Monarchs vs 7 for Senators.
2nd period
0:01 of 2nd period - Stephane Da Costa wins face-off versus Daultan Leveillé in neutral zone.
0:06 of 2nd period - Wrist shot by Stephane Da Costa.
0:06 of 2nd period - Shot Hit the Post.
0:08 of 2nd period - Snap shot by Matt Frattin.
0:08 of 2nd period - Stopped by Ilya Bryzgalov with a rebound.
0:10 of 2nd period - Slapshot by Gabriel Bourque.
0:10 of 2nd period - Shot Blocked by Daultan Leveillé.
0:36 of 2nd period - Wrist shot by Tommy Wingels.
0:36 of 2nd period - Shot Misses the Net.
0:58 of 2nd period - Snap shot by Brandon Pirri.
0:58 of 2nd period - Stopped by Ben Bishop without a rebound.
0:59 of 2nd period - Stephane Da Costa wins face-off versus Craig Smith in Senators zone.
1:06 of 2nd period - Zach Redmond is hit by Keegan Lowe.
2:18 of 2nd period - Slapshot by Max Domi.
2:18 of 2nd period - Shot Misses the Net.
2:28 of 2nd period - Snap shot by Gabriel Bourque.
2:28 of 2nd period - Goal by Gabriel Bourque - Monarchs : 1 - Senators : 1.
2:29 of 2nd period - Stephane Da Costa wins face-off versus Craig Smith in neutral zone.
2:34 of 2nd period - Wrist shot by Gabriel Bourque.
2:34 of 2nd period - Shot Misses the Net.
2:36 of 2nd period - Backhand shot by Gabriel Bourque.
2:36 of 2nd period - Stopped by Ilya Bryzgalov without a rebound.
2:37 of 2nd period - Daultan Leveillé wins face-off versus Stephane Da Costa in Monarchs zone.
3:26 of 2nd period - Wrist shot by Eric Fehr.
3:26 of 2nd period - Shot Misses the Net.
3:28 of 2nd period - Snap shot by Eric Fehr.
3:28 of 2nd period - Goal by Eric Fehr - Monarchs : 2 - Senators : 1.
3:29 of 2nd period - Daultan Leveillé wins face-off versus Stephane Da Costa in neutral zone.
3:32 of 2nd period - Slapshot by Will Butcher.
3:32 of 2nd period - Shot Misses the Net.
3:34 of 2nd period - Slapshot by Nathan Paetsch.
3:34 of 2nd period - Stopped by Ben Bishop with a rebound.
3:36 of 2nd period - Snap shot by Max Domi.
3:36 of 2nd period - Shot Misses the Net.
3:41 of 2nd period - Minor Penalty to Stephane Da Costa for Hooking.
3:42 of 2nd period - Bo Horvat wins face-off versus Gabriel Bourque in Senators zone.
3:42 of 2nd period - Snap shot by Max Domi.
3:42 of 2nd period - Shot Blocked by Gabriel Bourque.
3:44 of 2nd period - Wrist shot by Max Domi.
3:44 of 2nd period - Shot Blocked by Samuel Morin.
3:52 of 2nd period - Minor Penalty to Mike Reilly for Tripping.
3:53 of 2nd period - Craig Smith wins face-off versus Gabriel Bourque in Monarchs zone.
4:06 of 2nd period - Snap shot by Craig Smith.
4:06 of 2nd period - Shot Blocked by Gabriel Bourque.
4:18 of 2nd period - Craig Smith is hit by Gabriel Bourque and loses puck.
5:41 of 2nd period - Penalty to Stephane Da Costa is over, Stephane Da Costa is back on ice.
5:52 of 2nd period - Penalty to Mike Reilly is over, Mike Reilly is back on ice.
5:56 of 2nd period - Zac Leslie is hit by Nick Foligno and loses puck.
6:11 of 2nd period - Wrist shot by Frederik Gauthier.
6:11 of 2nd period - Stopped by Ben Bishop with a rebound.
6:39 of 2nd period - Taylor Beck is hit by Andy Andreoff and loses puck.
6:57 of 2nd period - Brandon Pirri is hit by Nick Foligno and loses puck.
7:08 of 2nd period - Snap shot by Taylor Beck.
7:08 of 2nd period - Shot Misses the Net.
7:10 of 2nd period - Slapshot by Joe Morrow.
7:10 of 2nd period - Shot Blocked by Samuel Morin.
7:12 of 2nd period - Snap shot by Bo Horvat.
7:12 of 2nd period - Stopped by Ben Bishop with a rebound.
7:14 of 2nd period - Wrist shot by Brandon Pirri.
7:14 of 2nd period - Deflect By Tommy Wingels.
7:14 of 2nd period - Goal by Brandon Pirri - Monarchs : 3 - Senators : 1.
7:15 of 2nd period - Daultan Leveillé wins face-off versus Stephane Da Costa in neutral zone.
7:24 of 2nd period - Wrist shot by Daultan Leveillé.
7:24 of 2nd period - Stopped by Ben Bishop with a rebound.
7:51 of 2nd period - Snap shot by Ryan White.
7:51 of 2nd period - Deflect By Jujhar Khaira.
7:51 of 2nd period - Shot Misses the Net.
7:51 of 2nd period - Puck is out of play.
7:52 of 2nd period - Stephane Da Costa wins face-off versus Bo Horvat in Senators zone.
7:59 of 2nd period - Snap shot by Gabriel Bourque.
7:59 of 2nd period - Shot Misses the Net.
8:24 of 2nd period - Snap shot by Max Domi.
8:24 of 2nd period - Stopped by Ben Bishop with a rebound.
8:34 of 2nd period - Tomas Jurco is hit by Daultan Leveillé and loses puck.
9:40 of 2nd period - Slapshot by Olli Maatta.
9:40 of 2nd period - Deflect By Andy Andreoff.
9:40 of 2nd period - Shot Misses the Net.
9:40 of 2nd period - Puck is out of play.
9:41 of 2nd period - Grant Besse wins face-off versus Craig Smith in Monarchs zone.
10:06 of 2nd period - Jujhar Khaira is hit by Tommy Wingels and loses puck.
10:11 of 2nd period - Wrist shot by Tommy Wingels.
10:11 of 2nd period - Stopped by Ilya Bryzgalov without a rebound.
10:12 of 2nd period - Daultan Leveillé wins face-off versus Stephane Da Costa in Monarchs zone.
10:25 of 2nd period - Slapshot by Stephane Da Costa.
10:25 of 2nd period - Shot Misses the Net.
10:27 of 2nd period - Wrist shot by Matt Frattin.
10:27 of 2nd period - Shot Misses the Net.
10:37 of 2nd period - Tomas Jurco is hit by Will Butcher and loses puck.
10:46 of 2nd period - Slapshot by Scott Harrington.
10:46 of 2nd period - Stopped by Ilya Bryzgalov with a rebound.
11:04 of 2nd period - Wrist shot by Eric Fehr.
11:04 of 2nd period - Stopped by Ben Bishop without a rebound.
11:05 of 2nd period - Stephane Da Costa wins face-off versus Eric Fehr in Senators zone.
11:10 of 2nd period - Wrist shot by Stephane Da Costa.
11:10 of 2nd period - Shot Misses the Net.
11:12 of 2nd period - Snap shot by Stephane Da Costa.
11:12 of 2nd period - Shot Misses the Net.
12:13 of 2nd period - Snap shot by Stephane Da Costa.
12:13 of 2nd period - Stopped by Ilya Bryzgalov with a rebound.
12:29 of 2nd period - Olli Maatta is hit by Valentin Zykov and loses puck.
12:40 of 2nd period - Olli Maatta is hit by Nathan Paetsch and loses puck.
13:03 of 2nd period - Snap shot by Zemgus Girgensons.
13:03 of 2nd period - Stopped by Ilya Bryzgalov without a rebound.
13:04 of 2nd period - Daultan Leveillé wins face-off versus Matt Frattin in Monarchs zone.
13:06 of 2nd period - Minor Penalty to Zac Leslie for Slashing.
13:07 of 2nd period - Matt Frattin wins face-off versus Daultan Leveillé in Monarchs zone.
13:14 of 2nd period - Wrist shot by Stephane Da Costa.
13:14 of 2nd period - Stopped by Ilya Bryzgalov with a rebound.
13:16 of 2nd period - Wrist shot by Stephane Da Costa.
13:16 of 2nd period - Stopped by Ilya Bryzgalov without a rebound.
13:17 of 2nd period - Daultan Leveillé wins face-off versus Stephane Da Costa in Monarchs zone.
13:24 of 2nd period - Slapshot by Nathan Paetsch.
13:24 of 2nd period - Deflect By Daultan Leveillé.
13:24 of 2nd period - Shot Misses the Net.
13:24 of 2nd period - Puck is out of play.
13:25 of 2nd period - Stephane Da Costa wins face-off versus Daultan Leveillé in Senators zone.
13:25 of 2nd period - Stephane Da Costa is hit by Zach Redmond.
14:20 of 2nd period - Snap shot by Craig Smith.
14:20 of 2nd period - Shot Misses the Net.
15:06 of 2nd period - Penalty to Zac Leslie is over, Zac Leslie is back on ice.
15:10 of 2nd period - Snap shot by Taylor Beck.
15:10 of 2nd period - Stopped by Ben Bishop without a rebound.
15:11 of 2nd period - Zemgus Girgensons wins face-off versus Bo Horvat in Senators zone.
15:45 of 2nd period - Slapshot by Scott Harrington.
15:45 of 2nd period - Shot Misses the Net.
15:47 of 2nd period - Snap shot by Chandler Stephenson.
15:47 of 2nd period - Shot Misses the Net.
15:57 of 2nd period - Slapshot by Zac Leslie.
15:57 of 2nd period - Deflect By Daultan Leveillé.
15:57 of 2nd period - Stopped by Ben Bishop without a rebound.
15:58 of 2nd period - Daultan Leveillé wins face-off versus Tommy Wingels in Senators zone.
16:05 of 2nd period - Snap shot by Daultan Leveillé.
16:05 of 2nd period - Shot Misses the Net.
16:25 of 2nd period - Wrist shot by Tom Wilson.
16:25 of 2nd period - Goal by Tom Wilson - Monarchs : 4 - Senators : 1.
16:26 of 2nd period - Stephane Da Costa wins face-off versus Max Domi in neutral zone.
16:39 of 2nd period - Snap shot by Stephane Da Costa.
16:39 of 2nd period - Shot Misses the Net.
16:41 of 2nd period - Slapshot by Matt Frattin.
16:41 of 2nd period - Stopped by Ilya Bryzgalov without a rebound.
16:42 of 2nd period - Bo Horvat wins face-off versus Nick Foligno in Monarchs zone.
17:18 of 2nd period - Max Domi is hit by Samuel Morin and loses puck.
17:59 of 2nd period - Scott Harrington is hit by Nathan Paetsch and loses puck.
18:38 of 2nd period - Wrist shot by Max Domi.
18:38 of 2nd period - Stopped by Ben Bishop with a rebound.
18:43 of 2nd period - Off-side.
18:44 of 2nd period - Gabriel Bourque wins face-off versus Daultan Leveillé in neutral zone.
18:47 of 2nd period - Wrist shot by Matt Frattin.
18:47 of 2nd period - Shot Blocked by Zach Redmond.
18:59 of 2nd period - Wrist shot by Max Domi.
18:59 of 2nd period - Stopped by Ben Bishop with a rebound.
19:09 of 2nd period - Ryan White is hit by Tomas Jurco and loses puck.
19:18 of 2nd period - Slapshot by Tommy Wingels.
19:18 of 2nd period - Deflect By Tomas Jurco.
19:18 of 2nd period - Stopped by Ilya Bryzgalov without a rebound.
19:19 of 2nd period - Daultan Leveillé wins face-off versus Tommy Wingels in Monarchs zone.
19:26 of 2nd period - Wrist shot by Mike Reilly.
19:26 of 2nd period - Shot Blocked by Samuel Morin.
19:28 of 2nd period - Snap shot by Mike Reilly.
19:28 of 2nd period - Stopped by Ben Bishop with a rebound.
19:30 of 2nd period - Snap shot by Daultan Leveillé.
19:30 of 2nd period - Shot Misses the Net.
19:52 of 2nd period - Snap shot by Gabriel Bourque.
19:52 of 2nd period - Stopped by Ilya Bryzgalov without a rebound.
19:53 of 2nd period - Stephane Da Costa wins face-off versus Daultan Leveillé in Monarchs zone.
19:57 of 2nd period - Nathan Paetsch is hit by Mason Geertsen and loses puck.
Goals for this period are 3 for Monarchs vs 1 for Senators.
Shots for this period are 15 for Monarchs vs 12 for Senators.
3rd period
0:01 of 3rd period - Daultan Leveillé wins face-off versus Stephane Da Costa in neutral zone.
0:16 of 3rd period - Wrist shot by Max Domi.
0:16 of 3rd period - Stopped by Ben Bishop without a rebound.
0:17 of 3rd period - Tommy Wingels wins face-off versus Bo Horvat in Senators zone.
0:38 of 3rd period - Minor Penalty to Tommy Wingels for Hooking.
0:39 of 3rd period - Bo Horvat wins face-off versus Gabriel Bourque in Senators zone.
1:42 of 3rd period - Daultan Leveillé is hit by Keegan Lowe and loses puck.
2:34 of 3rd period - Brandon Pirri is hit by Andy Andreoff and loses puck.
2:38 of 3rd period - Penalty to Tommy Wingels is over, Tommy Wingels is back on ice.
2:46 of 3rd period - Tommy Wingels is hit by Nathan Paetsch.
5:06 of 3rd period - Josh Manson is hit by Keegan Lowe and loses puck.
5:13 of 3rd period - Snap shot by Phil Di Giuseppe.
5:13 of 3rd period - Deflect By Chandler Stephenson.
5:13 of 3rd period - Stopped by Ilya Bryzgalov with a rebound.
5:25 of 3rd period - Mike Reilly is hit by Tomas Jurco and loses puck.
5:38 of 3rd period - Gabriel Bourque is hit by Taylor Beck and loses puck.
6:15 of 3rd period - Tommy Wingels is hit by Taylor Beck and loses puck.
6:42 of 3rd period - Valentin Zykov is hit by Sebastian Wannstrom and loses puck.
7:01 of 3rd period - Grant Besse is hit by Craig Smith and loses puck.
7:14 of 3rd period - Tom Wilson is hit by Stephane Da Costa and loses puck.
7:49 of 3rd period - Sebastian Wannstrom is hit by Daultan Leveillé and loses puck.
8:10 of 3rd period - Off-side.
8:11 of 3rd period - Bo Horvat wins face-off versus Tomas Jurco in neutral zone.
8:20 of 3rd period - Taylor Beck is hit by Tommy Wingels and loses puck.
8:25 of 3rd period - Wrist shot by Tommy Wingels.
8:25 of 3rd period - Stopped by Ilya Bryzgalov without a rebound.
8:26 of 3rd period - Daultan Leveillé wins face-off versus Stephane Da Costa in Monarchs zone.
8:40 of 3rd period - Craig Smith is hit by Keegan Lowe and loses puck.
8:56 of 3rd period - Jujhar Khaira is hit by Tommy Wingels and loses puck.
9:33 of 3rd period - Wrist shot by Gabriel Bourque.
9:33 of 3rd period - Stopped by Ilya Bryzgalov without a rebound.
9:34 of 3rd period - Bo Horvat wins face-off versus Stephane Da Costa in Monarchs zone.
10:28 of 3rd period - Slapshot by Nathan Paetsch.
10:28 of 3rd period - Stopped by Ben Bishop without a rebound.
10:29 of 3rd period - Stephane Da Costa wins face-off versus Bo Horvat in Senators zone.
10:42 of 3rd period - Snap shot by Matt Frattin.
10:42 of 3rd period - Shot Misses the Net.
10:54 of 3rd period - Nick Foligno is hit by Daultan Leveillé and loses puck.
11:09 of 3rd period - Minor Penalty to Max Domi for Hooking.
11:10 of 3rd period - Stephane Da Costa wins face-off versus Daultan Leveillé in Monarchs zone.
11:47 of 3rd period - Snap shot by Nick Foligno.
11:47 of 3rd period - Deflect By Tomas Jurco.
11:47 of 3rd period - Shot Misses the Net.
11:47 of 3rd period - Puck is out of play.
11:48 of 3rd period - Tommy Wingels wins face-off versus Craig Smith in Monarchs zone.
11:57 of 3rd period - Wrist shot by Tommy Wingels.
11:57 of 3rd period - Deflect By Nick Foligno.
11:57 of 3rd period - Stopped by Ilya Bryzgalov with a rebound.
11:59 of 3rd period - Slapshot by Keegan Lowe.
11:59 of 3rd period - Shot Misses the Net.
12:13 of 3rd period - Zac Leslie is hit by Stephane Da Costa and loses puck.
13:00 of 3rd period - Nick Foligno is hit by Zac Leslie and loses puck.
13:09 of 3rd period - Penalty to Max Domi is over, Max Domi is back on ice.
13:42 of 3rd period - Snap shot by Max Domi.
13:42 of 3rd period - Shot Misses the Net.
13:55 of 3rd period - Minor Penalty to Mason Geertsen for Slashing.
13:56 of 3rd period - Gabriel Bourque wins face-off versus Bo Horvat in Senators zone.
14:47 of 3rd period - Snap shot by Nick Foligno.
14:47 of 3rd period - Shot Misses the Net.
14:49 of 3rd period - Snap shot by Nick Foligno.
14:49 of 3rd period - Shot Blocked by Craig Smith.
14:51 of 3rd period - Slapshot by Johannes Salmonsson.
14:51 of 3rd period - Shot Blocked by Bo Horvat.
15:55 of 3rd period - Penalty to Mason Geertsen is over, Mason Geertsen is back on ice.
16:07 of 3rd period - Tommy Wingels is hit by Eric Fehr.
16:38 of 3rd period - Snap shot by Chandler Stephenson.
16:38 of 3rd period - Stopped by Ilya Bryzgalov with a rebound.
16:40 of 3rd period - Wrist shot by Andy Andreoff.
16:40 of 3rd period - Stopped by Ilya Bryzgalov without a rebound.
16:41 of 3rd period - Chandler Stephenson wins face-off versus Daultan Leveillé in Monarchs zone.
16:42 of 3rd period - Snap shot by Andy Andreoff.
16:42 of 3rd period - Goal by Andy Andreoff - Monarchs : 4 - Senators : 2.
16:43 of 3rd period - Zemgus Girgensons wins face-off versus Ryan White in neutral zone.
16:51 of 3rd period - Snap shot by Johannes Salmonsson.
16:51 of 3rd period - Deflect By Sebastian Wannstrom.
16:51 of 3rd period - Shot Misses the Net.
16:51 of 3rd period - Puck is out of play.
16:52 of 3rd period - Zemgus Girgensons wins face-off versus Ryan White in Monarchs zone.
16:53 of 3rd period - Snap shot by Johannes Salmonsson.
16:53 of 3rd period - Shot Blocked by Nathan Paetsch.
16:55 of 3rd period - Slapshot by Samuel Morin.
16:55 of 3rd period - Stopped by Ilya Bryzgalov with a rebound.
16:57 of 3rd period - Snap shot by Zemgus Girgensons.
16:57 of 3rd period - Stopped by Ilya Bryzgalov with a rebound.
17:05 of 3rd period - Snap shot by Johannes Salmonsson.
17:05 of 3rd period - Shot Blocked by Ryan White.
17:23 of 3rd period - Slapshot by Johannes Salmonsson.
17:23 of 3rd period - Stopped by Ilya Bryzgalov without a rebound.
17:24 of 3rd period - Stephane Da Costa wins face-off versus Daultan Leveillé in Monarchs zone.
17:25 of 3rd period - Wrist shot by Gabriel Bourque.
17:25 of 3rd period - Shot Blocked by Zac Leslie.
17:35 of 3rd period - Slapshot by Max Domi.
17:35 of 3rd period - Shot Blocked by Keegan Lowe.
17:37 of 3rd period - Snap shot by Daultan Leveillé.
17:37 of 3rd period - Shot Misses the Net.
17:56 of 3rd period - Slapshot by Brandon Pirri.
17:56 of 3rd period - Stopped by Ben Bishop without a rebound.
17:57 of 3rd period - Ryan White wins face-off versus Zemgus Girgensons in Senators zone.
17:58 of 3rd period - Wrist shot by Tom Wilson.
17:58 of 3rd period - Stopped by Ben Bishop with a rebound.
19:04 of 3rd period - Off-side.
19:05 of 3rd period - Daultan Leveillé wins face-off versus Stephane Da Costa in neutral zone.
19:22 of 3rd period - Matt Frattin is hit by Mike Reilly.
Goals for this period are 0 for Monarchs vs 1 for Senators.
Shots for this period are 4 for Monarchs vs 10 for Senators.
Back to the Top